 Dungeon Crawl Stone Soup version 0.31.0-9-g3a7656b989 (webtiles) character file.

Game seed: 12040842587940862172

335 qw the Ducker (level 6, -2/30 HPs)
             Began as a Spriggan Hunter on Feb 2, 2024.
             Slain by Grinder (4 damage)
             ... on level 3 of the Dungeon.
             The game lasted 00:00:06 (2079 turns).

qw the Ducker (Spriggan Hunter)                     Turns: 2079, Time: 00:00:06

Health: -2/30      AC:  2    Str:  7    XL:     6   Next: 28%
Magic:  7/7        EV: 22    Int: 10    God:
Gold:   101        SH:  0    Dex: 21    Spells: 5/5 levels left

rFire   . . .        a - +0 shortbow (freeze)
rCold   . . .        (shield currently unavailable)
rNeg    . . .        c - +0 robe
rPois   .            (helmet restricted)
rElec   .            (no cloak)
rCorr   .            (gloves unavailable)
SInv    +            (boots unavailable)
Will    +....        (no amulet)
Stlth   ++           (no ring)
HPRegen 0.25/turn    (no ring)
MPRegen 0.10/turn

%: no passive effects
@: very quick
A: very small, no large weapons, unfitting armour, see invisible, speed 3
a: no special abilities


You were on level 3 of the Dungeon.
You visited 1 branch of the dungeon, and saw 3 of its levels.

You collected 101 gold pieces.


Innate Abilities, Weirdness & Mutations

You are very small and have problems with some larger weapons.
You are too small for most types of armour.
You have supernaturally acute eyesight. (SInv)
You cover ground extremely quickly. (Speed+++)


   Skills:
 + Level 1.6 Fighting
 - Level 5.7 Ranged Weapons
 - Level 7.0 Dodging
 - Level 1.5 Stealth


You had 5 spell levels left.
You didn't know any spells.
Your spell library was empty.

Inventory:

Hand Weapons
 a - a +0 shortbow of freezing (weapon)
Armour
 c - a +0 robe (worn)
Jewellery
 d - a +6 ring of dexterity
Wands
 f - a wand of flame (5) (quivered)
Scrolls
 b - a scroll of immolation {unknown}
Potions
 e - 2 potions of curing
 g - a potion of enlightenment
 j - a potion of mutation {unknown}

Dungeon Overview and Level Annotations

Branches:
Dungeon (3/15)

Altars:
Ashenzari

Shops:
D:1 (

Annotations:
D:3 Grinder


Message History

2074 ||| ZAPPING wand of flame (11) at 1,1 (Grinder; floor).
Aiming: Throw Flame
Press: ? - help, Q - select action, (/) - cycle Shift-Dir - straight line, f/p - Grinder The puff of flame hits Grinder.
Grinder is heavily wounded.
Grinder hits you!
You writhe in agony.
2075 ||| ZAPPING wand of flame (10) at 1,1 (Grinder; floor).
Aiming: Throw Flame
Press: ? - help, Q - select action, (/) - cycle Shift-Dir - straight line, f/p - Grinder The puff of flame hits Grinder!
Grinder is severely wounded.
Grinder gestures at you. You resist with significant effort.
2076 ||| ZAPPING wand of flame (9) at 1,1 (Grinder; floor).
Aiming: Throw Flame
Press: ? - help, Q - select action, (/) - cycle Shift-Dir - straight line, f/p - Grinder The puff of flame hits Grinder.
Grinder is severely wounded.
Grinder gestures at you. Pain shoots through your body!
2077 ||| ZAPPING wand of flame (8) at 1,1 (Grinder; floor).
Aiming: Throw Flame
Press: ? - help, Q - select action, (/) - cycle Shift-Dir - straight line, f/p - Grinder The puff of flame hits Grinder.
Grinder is severely wounded.
Grinder hits you.
You writhe in agony.
2078 ||| ZAPPING wand of flame (7) at 1,1 (Grinder; floor).
Aiming: Throw Flame
Press: ? - help, Q - select action, (/) - cycle Shift-Dir - straight line, f/p - Grinder The puff of flame hits Grinder but does no damage.
Grinder is severely wounded.
Grinder misses you.
2079 ||| ZAPPING wand of flame (6) at 1,1 (Grinder; floor).
Aiming: Throw Flame
Press: ? - help, Q - select action, (/) - cycle Shift-Dir - straight line, f/p - Grinder The puff of flame hits Grinder.
Grinder is almost dead.
Grinder hits you.
You writhe in agony.
You die...
Grinder sighs, "Dead already?
I want a refund."

).. #.# #h#
###########h#
#........##.#
#.######.##.#
#.######)##h###
#........##...##
#.##...#@#.###.##
#<##.#.#.5##
##.######
#.##.#.#..#
#......#
#.........##
##.####.#
#........#.###.##
#.# #
#####.#####...##
#.# . #.# #....##
#.# # #~# ###'##
#.#### # #~#
##...## #.....


You could see Grinder.

Vanquished Creatures
  Sigmund (D:3)
  A scorpion (D:2)
  An iguana (D:3)
  2 adders (D:2)
  2 dart slugs
  A ribbon worm (D:2)
  2 ball pythons (D:2)
  6 endoplasms
  3 giant cockroaches (D:2)
  A goblin (D:2)
  3 hobgoblins
  6 jackals
  4 bats
  4 kobolds (D:2)
  2 rats
39 creatures vanquished.

Notes
Turn   | Place    | Note
-------+----------+-------------------------------------------
     0 | D:1      | qw the Spriggan Hunter began the quest for the Orb.
     0 | D:1      | Reached XP level 1. HP: 10/10 MP: 2/2
     0 | D:1      | 0 ||| qw: Version: 0.3-a-155-g5e7d8dd
     0 | D:1      | 0 ||| qw: Game counter: 2580
     0 | D:1      | 0 ||| qw: Melee chars always use a shield: true
     0 | D:1      | 0 ||| qw: God list: Okawaru
     0 | D:1      | 0 ||| qw: Allow faded altars: false
     0 | D:1      | 0 ||| qw: Do Orc after clearing Dungeon:15 true
     0 | D:1      | 0 ||| qw: Do second Lair branch before Depths: true
     0 | D:1      | 0 ||| qw: Lair rune preference: random
     0 | D:1      | 0 ||| qw: Goals: Normal
     0 | D:1      | 0 ||| PLANNING D:1-11
    63 | D:1      | Reached skill level 3 in Dodging
   210 | D:1      | Found Mynegam's Antique Weapon Shoppe.
   233 | D:1      | Reached XP level 2. HP: 14/14 MP: 3/3
   359 | D:1      | Reached skill level 4 in Dodging
   609 | D:1      | 609 ||| READING 2 scrolls labelled YPPOFEAWEG.
   609 | D:1      | 609 ||| IDENTIFYING lumpy orange potion
   610 | D:1      | 610 ||| READING scroll of identify.
   610 | D:1      | 610 ||| IDENTIFYING sedimented dark potion
   611 | D:1      | 611 ||| READING scroll labelled CAUKUE ONEPIW.
   611 | D:1      | 611 ||| BRANDING +0 shortbow.
   612 | D:1      | 612 ||| READING scroll labelled TAYROHOLAXI.
   613 | D:1      | 613 ||| READING scroll labelled JUIPNUANY ZIGG.
   614 | D:1      | 614 ||| DRINKING 3 fuming white potions.
   615 | D:1      | 615 ||| DROPPING scroll of butterflies.
   616 | D:1      | 616 ||| DROPPING potion of magic.
   781 | D:2      | Reached XP level 3. HP: 18/18 MP: 4/4
   858 | D:2      | Found a broken altar of Ashenzari.
  1330 | D:2      | Noticed a scorpion
  1340 | D:2      | Killed a scorpion
  1341 | D:2      | Reached XP level 4. HP: 10/22 MP: 5/5
  1727 | D:2      | 1727 ||| READING scroll of identify.
  1727 | D:2      | 1727 ||| IDENTIFYING amethyst potion
  1728 | D:2      | 1728 ||| DROPPING potion of ambrosia.
  1810 | D:3      | Reached XP level 5. HP: 25/25 MP: 6/6
  1972 | D:3      | Noticed Sigmund
  1978 | D:3      | HP: 6/25 [Sigmund/+0 scythe (2)]
  1984 | D:3      | Killed Sigmund
  1985 | D:3      | Reached skill level 7 in Dodging
  1985 | D:3      | Reached XP level 6. HP: 10/30 MP: 7/7
  1985 | D:3      | 1985 ||| FLEEEEING.
  1986 | D:3      | 1986 ||| FLEEEEING.
  1987 | D:3      | 1987 ||| FLEEEEING.
  1988 | D:3      | 1988 ||| FLEEEEING.
  1989 | D:3      | 1989 ||| FLEEEEING.
  1990 | D:3      | 1990 ||| FLEEEEING.
  1991 | D:3      | 1991 ||| FLEEEEING.
  1992 | D:3      | 1992 ||| FLEEEEING.
  2067 | D:3      | Noticed Grinder
  2068 | D:3      | 2068 ||| ZAPPING wand of flame (17) at 1,1 (Grinder;
                  | floor).
  2069 | D:3      | 2069 ||| ZAPPING wand of flame (16) at 1,1 (Grinder;
                  | floor).
  2070 | D:3      | 2070 ||| ZAPPING wand of flame (15) at 1,1 (Grinder;
                  | floor).
  2071 | D:3      | 2071 ||| ZAPPING wand of flame (14) at 1,1 (Grinder;
                  | floor).
  2072 | D:3      | 2072 ||| ZAPPING wand of flame (13) at 1,1 (Grinder;
                  | floor).
  2073 | D:3      | 2073 ||| ZAPPING wand of flame (12) at 1,1 (Grinder;
                  | floor).
  2074 | D:3      | 2074 ||| ZAPPING wand of flame (11) at 1,1 (Grinder;
                  | floor).
  2075 | D:3      | 2075 ||| ZAPPING wand of flame (10) at 1,1 (Grinder;
                  | floor).
  2076 | D:3      | 2076 ||| ZAPPING wand of flame (9) at 1,1 (Grinder; floor).
  2077 | D:3      | 2077 ||| ZAPPING wand of flame (8) at 1,1 (Grinder; floor).
  2077 | D:3      | HP: 7/30 [Grinder (5)]
  2078 | D:3      | 2078 ||| ZAPPING wand of flame (7) at 1,1 (Grinder; floor).
  2079 | D:3      | 2079 ||| ZAPPING wand of flame (6) at 1,1 (Grinder; floor).
  2079 | D:3      | HP: 2/30 [Grinder (6)]
  2079 | D:3      | Slain by Grinder

Levels and vault maps discovered:
D:1:      minmay_arrival_plants_in_alcoves, layout_loops_ring, serial_shops,
          shop, minmay_misc_feat_enclosed
D:2:      layout_basic, basic_altar
D:3:      layout_loops_corners, riverfiend_overflow_shadow_ancestor,
          overflow_temple_1_default, corexii_corridor_pit, uniq_grinder,
          uniq_sigmund

Skill      XL: |  1  2  3  4  5 |
---------------+----------------+-----
Dodging        | 3 4 7 |  7.0
Ranged Weapons | 5 |  5.7
Fighting       | |  1.6
Stealth        | |  1.5

Action                     |  1- 3 |  4- 6 || total
---------------------------+-------+-------++-------
   Fire: Shortbow          |    89 |    44 ||   133
  Evoke: Wand              |       |    12 ||    12
    Use: Scroll            |     5 |     1 ||     6
         Potion            |     1 |       ||     1
 Armour: Robe              |     5 |    11 ||    16
  Dodge: Dodged            |    26 |    20 ||    46

Table legend:
 A = Non-vault XP
 B = Vault XP
 C = Vault XP percentage of total XP
 D = Non-vault monster count
 E = Vault monster count
 F = Vault count percentage of total count
                 A         B        C        D         E       F
            +---------+---------+-------+---------+---------+-------
      Total |     215 |     264 |  55.1 |      38 |       1 |   2.6
            +---------+---------+-------+---------+---------+-------
        D:1 |      19 |       0 |   0.0 |      10 |       0 |   0.0
        D:2 |     150 |       0 |   0.0 |      21 |       0 |   0.0
        D:3 |      46 |     264 |  85.2 |       7 |       1 |  12.5
            +---------+---------+-------+---------+---------+-------
